 Dungeon Crawl Stone Soup version 0.31-a0-1082-g7d1fb776a8 (webtiles) character file.

Game seed: 7067816860568621843

3696 graki42 the Destroyer (level 9, -8/45 HPs)
             Began as a Deep Elf Conjurer on Nov 27, 2023.
             Was a Follower of Vehumet.
             Mangled by a wyvern (12 damage)
             ... on level 8 of the Dungeon.
             The game lasted 00:26:49 (9127 turns).

graki42 the Destroyer (Deep Elf Conjurer)           Turns: 9127, Time: 00:26:49

Health: -8/45      AC:  9    Str:  8    XL:     9   Next: 90%
Magic:  3/24       EV: 12    Int: 24    God:    Vehumet [*.....]
Gold:   616        SH:  0    Dex: 13    Spells: 15/26 levels left

rFire   + . .        t - +4 dagger (venom)
rCold   . . .        (no shield)
rNeg    + . .        a - +0 robe
rPois   .            r - +1 helmet
rElec   .            C - +0 cloak
rCorr   .            B - +0 pair of gloves
SInv    .            u - +2 pair of boots
Will    .....        k - amulet of the acrobat
Stlth   ++           e - ring of positive energy
HPRegen 0.27/turn    j - ring of protection from fire
MPRegen 0.19/turn

%: acrobat
@: no status effects
A: no striking features
a: Renounce Religion


You were on level 8 of the Dungeon.
You worshipped Vehumet.
Vehumet was aware of your devotion.
You visited 2 branches of the dungeon, and saw 10 of its levels.

You collected 655 gold pieces.
You spent 39 gold pieces at shops.

Inventory:

Hand Weapons
 t - a +4 dagger of venom (weapon)
Armour
 a - a +0 robe (worn)
 r - a +1 helmet (worn)
 u - a +2 pair of boots (worn)
 B - a +0 pair of gloves (worn)
 C - a +0 cloak (worn)
Magical Staves
 y - a staff of cold
Jewellery
 e - a ring of positive energy (left hand)
 j - a ring of protection from fire (right hand)
 k - an amulet of the acrobat (around neck)
 D - a ring of resist corrosion
Wands
 h - a wand of polymorph (6)
 p - a wand of mindburst (12)
 E - a wand of light (3)
 G - a wand of roots (17)
Scrolls
 f - 2 scrolls of blinking {unknown}
 i - 2 scrolls of enchant armour {unknown}
 m - 4 scrolls of teleportation
 o - a scroll of brand weapon {unknown}
 q - 4 scrolls of identify
 x - 2 scrolls of summoning {unknown}
 A - 2 scrolls of noise
 F - a scroll of torment
 H - a scroll of vulnerability {unknown}
Potions
 b - 4 potions of magic
 c - 2 potions of might {unknown}
 d - 4 potions of curing {unknown}
 g - 2 potions of haste {unknown}
 l - 3 potions of mutation {unknown}
 n - 3 potions of attraction {unknown}
 v - 2 potions of heal wounds {unknown}
 w - 2 potions of lignification {unknown}
 z - 2 potions of cancellation {unknown}


   Skills:
 - Level 3.0 Dodging
 - Level 3.0 Stealth
 + Level 9.0 Spellcasting
 * Level 11.0 Conjurations
 + Level 7.9 Hexes
 + Level 6.3 Translocations


You had 15 spell levels left.
You knew the following spells:

 Your Spells              Type           Power      Damage    Failure   Level
a - Magic Dart            Conj           100%       1d8       1%          1
b - Searing Ray           Conj           100%       2d8       1%          2
c - Fulminant Prism       Conj/Hex       27%        3d14      1%          4
d - Iskenderun's Mystic   Conj/Tloc      51%        2d11      1%          4

Your spell library contained the following spells:

 Spells                   Type           Power      Damage    Failure   Level
 Kiss of Death            Conj/Necr      100%       2d13      1%          1
 Dazzling Flash           Conj/Hex       100%       N/A       1%          3
 Mephitic Cloud           Conj/Pois/Air  28%        N/A       3%          3
 Sting                    Tmut/Pois      40%        1d5       6%          1
 Poisonous Vapours        Pois/Air       20%        N/A       9%          2
 Wereblood                Tmut           10%        N/A       9%          2
 Irradiate                Conj/Tmut      18%        3d17      17%         5
 Freezing Cloud           Conj/Ice/Air   14%        6-21      34%         5
 Olgreb's Toxic Radiance  Pois           10%        N/A       50%         4


Dungeon Overview and Level Annotations

Branches:
Dungeon (9/15)             Temple (1/1) D:5
   Lair: D:8-11         Orc: D:9-12

Altars:
Ashenzari
Cheibriados
Dithmenos
Elyvilon
Fedhas
Gozag
Hepliaklqana
Kikubaaqudgha
Makhleb
Nemelex Xobeh
Qazlal
Ru
Sif Muna
Trog
Uskayaw
Vehumet
Wu Jian
Xom
Yredelemnul
Zin

Shops:
D:5 (?([

Annotations:
D:8 1 runed translucent door, baljet's ghost, novice TrFi


Message History

* * * LOW HITPOINT WARNING * * *
The wyvern bites you!
* * * LOW HITPOINT WARNING * * *
Unknown command.
Aiming: Mindburst
Press: ? - help, Shift-Dir - straight line, f - wyvern
Aim: a wyvern (severely wounded, chance to affect: 64%)
The wyvern struggles to resist.
The wyvern bites you but does no damage.
A hornet comes into view.
Unknown command.
As you read the scroll labelled ORYKOE BAEROUR, it crumbles to dust.
It is a scroll of amnesia.
Okay, then.
The wyvern completely misses you. The wyvern barely misses you.
As you read the scroll labelled YRIRITW YRUIR, it crumbles to dust.
You hear a loud clanging noise!
It was a scroll of noise.
You hear a shout!
You hear a bellow!
You hear an angry hiss. x2
You hear a bellow! x5; You hear an angry buzzing noise.
The wyvern barely misses you.
Unknown command.
As you read the scroll labelled DIKHLY HECERU, it crumbles to dust.
It is a scroll of identify.
F - a scroll of torment The wyvern misses you.
The wyvern barely misses you.
Found a stone staircase leading down.
The hornet stings you but does no damage.
The wyvern closely misses you. The hornet completely misses you.
The wyvern bites you but does no damage.
The hornet barely misses you. The wyvern misses you.
An iguana comes into view.
There is an escape hatch in the ceiling here.
The wyvern barely misses you.
The hornet stings you but does no damage.
A mysterious force pulls you upwards. The hatch slams shut behind you.
Level annotation: 1 runed translucent door, baljet's ghost, novice TrFi You barely miss the hornet.
The wyvern bites you!
You die...

#...~...# #....#
#..~....# ###....#####
#.......# #..........#
#.......###.#....###.##
#.....................#
######.#..........(...#
#.#..##########..#
#l#..#W3....∩.#..#
#@#..#3.......#...
#y#..+....$.:(#...
#....#........#...
##...#∩.∩.∩.∩.#..#
#...##########..#
#...............#
#...............#
#........########
##########


You could see a hornet and a wyvern.

Vanquished Creatures
  Maurice (D:7)
  The ghost of Karim the Insei, a novice GnSh of Cheibriados (D:5)
  Jeremiah (D:6)
  Prince Ribbit (D:5)
  Menkaure (D:7)
  An acid dragon (D:8)
  A water moccasin (D:9)
  An ice beast (D:6)
  An orc warrior (D:8)
  2 sky beasts (D:7)
  2 ogres
  2 centaurs
  3 phantoms
  A bullfrog (D:8)
  A kobold brigand (D:9)
  3 scorpions
  A killer bee (D:5)
  2 vampire bats (D:3)
  A crimson imp (D:4)
  4 hounds (D:5)
  2 jellies
  A sleepcap (D:7)
  3 iguanas
  8 orc wizards
  7 gnolls (D:3)
  10 adders
  2 shadow imps
  2 white imps
  2 ufetubi (D:5)
  A worm (D:4)
  21 orcs
  5 bat skeletons (D:3)
  A bat zombie (D:3)
  7 endoplasms
  3 giant cockroaches
  36 goblins
  35 hobgoblins
  9 jackals
  10 kobolds
  7 quokkas
  7 ball pythons
  8 bats
  4 rats
222 creatures vanquished.

Vanquished Creatures (others)
  An arcanist (D:7)
  4 fulminant prisms (D:6)
5 creatures vanquished.

Grand Total: 227 creatures vanquished

Notes
Turn   | Place    | Note
-------+----------+-------------------------------------------
     0 | D:1      | graki42 the Deep Elf Conjurer began the quest for the Orb.
     0 | D:1      | Reached XP level 1. HP: 10/10 MP: 6/6
     2 | D:1      | Noticed a demigod
     2 | D:1      | Noticed a demonspawn
     4 | D:1      | Noticed a formicid
     4 | D:1      | Noticed a ghoul
     6 | D:1      | Noticed an elf
     6 | D:1      | Noticed a human
     8 | D:1      | Noticed a gargoyle
     8 | D:1      | Noticed a vine stalker
    10 | D:1      | Noticed an armataur
    12 | D:1      | Noticed a merfolk
    12 | D:1      | Noticed a meteoran
    14 | D:1      | Noticed a tengu
    14 | D:1      | Noticed a vampire
    16 | D:1      | Noticed a naga
    16 | D:1      | Noticed a draconian
    18 | D:1      | Noticed an octopode
    20 | D:1      | Noticed a spriggan
    22 | D:1      | Noticed an ogre
    22 | D:1      | Noticed a troll
    24 | D:1      | Noticed a demonspawn
    24 | D:1      | Noticed a minotaur
    26 | D:1      | Noticed a minotaur
    26 | D:1      | Noticed a demonspawn
   291 | D:1      | Reached XP level 2. HP: 15/15 MP: 1/8
   359 | D:1      | Learned a level 2 spell: Searing Ray
   797 | D:2      | Reached XP level 3. HP: 19/19 MP: 7/9
  1014 | D:2      | Reached skill level 5 in Conjurations
  1219 | D:2      | Reached XP level 4. HP: 24/24 MP: 8/11
  1585 | D:2      | Learned a level 4 spell: Fulminant Prism
  1634 | D:3      | Found a faded altar of an unknown god.
  1863 | D:3      | Found an ancient bone altar of Kikubaaqudgha.
  1865 | D:3      | Reached skill level 1 in Hexes
  1867 | D:3      | Reached skill level 6 in Conjurations
  1867 | D:3      | Reached XP level 5. HP: 27/28 MP: 8/13
  1873 | D:3      | Learned a level 4 spell: Iskenderun's Mystic Blast
  1962 | D:3      | Found a white marble altar of Elyvilon.
  2572 | D:3      | Reached XP level 6. HP: 29/32 MP: 10/15
  2618 | D:3      | Reached skill level 1 in Translocations
  2766 | D:3      | Reached skill level 5 in Spellcasting
  3541 | D:4      | Reached skill level 7 in Conjurations
  3722 | D:4      | Reached XP level 7. HP: 36/36 MP: 9/17
  3894 | D:4      | Found a shadowy altar of Dithmenos.
  4096 | D:4      | Found a broken altar of Ashenzari.
  4188 | D:4      | Found a hide-covered altar of Uskayaw.
  4202 | D:5      | Entered Level 5 of the Dungeon
  4305 | D:5      | Found a runed translucent gate.
  4306 | D:5      | Found a runed translucent gate.
  4306 | D:5      | Found a runed translucent gate.
  4307 | D:5      | Noticed Karim's ghost (novice GnSh)
  4336 | D:5      | Found Lodgh's Weapon Shoppe.
  4339 | D:5      | Found Luiwiot's Antique Weapon Shoppe.
  4342 | D:5      | Found Ereem's Armour Shoppe.
  4342 | D:5      | Found Biset's Magic Scroll Shoppe.
  4352 | D:5      | Bought a scroll of teleportation for 39 gold pieces
  4386 | D:5      | Found a staircase to the Ecumenical Temple.
  4447 | Temple   | Entered the Ecumenical Temple
  4488 | Temple   | Became a worshipper of Vehumet
  4693 | D:5      | Reached skill level 8 in Conjurations
  4814 | D:5      | Found a sparkling altar of Nemelex Xobeh.
  4828 | D:5      | Found a basalt altar of Yredelemnul.
  4835 | D:5      | Reached XP level 8. HP: 41/41 MP: 15/19
  4958 | D:5      | Found a glowing silver altar of Zin.
  5093 | D:5      | Reached skill level 5 in Hexes
  5168 | D:5      | Noticed Prince Ribbit
  5177 | D:5      | Killed Prince Ribbit
  5239 | D:5      | Found an ornate altar of the Wu Jian Council.
  5499 | D:5      | Killed Karim's ghost
  5500 | D:5      | Reached skill level 9 in Conjurations
  5840 | D:6      | Reached XP level 9. HP: 45/45 MP: 16/22
  5883 | D:6      | Found a sacrificial altar of Ru.
  6095 | D:6      | Reached * piety under Vehumet
  6095 | D:6      | Offered knowledge of Kiss of Death by Vehumet.
  6305 | D:6      | Noticed Jeremiah
  6318 | D:6      | Killed Jeremiah
  6319 | D:6      | Reached skill level 5 in Translocations
  6980 | D:7      | Reached skill level 10 in Conjurations
  7090 | D:7      | Noticed Maurice
  7113 | D:7      | Something stole a staff of cold
  7116 | D:7      | Killed Maurice
  7391 | D:7      | Found a shimmering altar of Xom.
  7754 | D:7      | Found a bloodstained altar of Trog.
  7755 | D:7      | Noticed an arcanist
  7761 | D:7      | Killed an arcanist
  7814 | D:7      | Noticed Menkaure
  7818 | D:7      | Killed Menkaure
  8173 | D:8      | Found a runed translucent door.
  8173 | D:8      | Noticed baljet's ghost (novice TrFi)
  9010 | D:9      | Found a shimmering blue altar of Sif Muna.
  9109 | D:9      | Reached skill level 11 in Conjurations
  9114 | D:9      | HP: 1/45 [wyvern (10)]
  9127 | D:8      | Mangled by a wyvern

Illustrated notes

Levels and vault maps discovered:
D:1:      kb_arrival_jail, layout_rooms
D:2:      layout_rooms, serial_aquarium, aquarium_bridge_island_large
          [aquarium_subvault_large_open, aquarium_subvault_bridge,
          aquarium_subvault_balcony, aquarium_subvault_window,
          aquarium_subvault_balcony], aquarium_bridge_straight
          [aquarium_subvault_bridge, aquarium_subvault_balcony,
          aquarium_subvault_bridge, aquarium_subvault_wall],
          aquarium_window_fake, aquarium_window_1, aquarium_window_3,
          aquarium_view_2a, aquarium_pool_S, minmay_tripent
D:3:      minmay_goblin_kobold_castle, layout_basic, kennysheep_vampire_church,
          mainiacjoe_overflow_six_doors_small, basic_ecumenical_altar
D:4:      layout_rooms, mainiacjoe_overflow_cross_hatched,
          general_overflow_altar, kennysheep_mini, minmay_fire_ice_demons
D:5:      layout_cave_pods, mainiacjoe_overflow_concentric_impassable,
          nicolae_overflow_hidden_temple, grunt_temple_overflow_open,
          minmay_temple_entry_gardened_gates, gammafunk_ghost_split,
          minmay_shop_grid_forest, uniq_prince_ribbit1
D:6:      layout_basic, nicolae_ru_great_annihilating_truth, nicolae_tricolors,
          uniq_jeremiah
D:7:      layout_cave_pods, mainiacjoe_overflow_catwalk, trog_wizard,
          uniq_menkaure, uniq_maurice
D:8:      layout_basic, hellmonk_ghost_big_iron, roderic_lattice_a
D:9:      layout_layer_cave, lemuel_doored_altar, minmay_lair_entry_grove
Temple:   nicolae_temple_superstar

Skill      XL: |  1  2  3  4  5  6  7  8  9 |
---------------+----------------------------+-----
Stealth        | 3 |  3.0
Dodging        | 3 |  3.0
Conjurations   | 5 6 7 8 9 11 | 11.0
Spellcasting   | 4 5 6 7 9 |  9.0
Hexes          | 1 2 3 4 6 7 |  7.9
Translocations | 2 3 4 6 |  6.3

Action                     |  1- 3 |  4- 6 |  7- 9 || total
---------------------------+-------+-------+-------++-------
  Melee: Dagger            |       |    15 |    28 ||    43
         Punch             |       |     1 |     1 ||     2
         Unarmed           |       |       |     4 ||     4
   Cast: Magic Dart        |    59 |    75 |    31 ||   165
         Searing Ray       |     3 |    22 |    41 ||    66
         Iskenderun's Myst |       |       |    29 ||    29
         Fulminant Prism   |       |       |     4 ||     4
  Evoke: Wand              |       |       |     1 ||     1
    Use: Scroll            |       |       |     3 ||     3
   Stab: Sleeping          |       |       |     4 ||     4
 Armour: Robe              |       |    21 |    47 ||    68
         Skin              |       |       |     1 ||     1
  Dodge: Dodged            |     3 |    44 |    97 ||   144

Table legend: (Time is in decaauts)
 A = Elapsed time spent in this place.
 B = Non-inter-level travel time spent in this place.
 C = Inter-level travel time spent in this place.
 D = Time resting spent in this place.
 E = Time spent auto-exploring this place.
 F = Levels seen in this place.
 G = Mean time per level.
                   A        B        C        D        E       F      G
               +--------+--------+--------+--------+--------+-----+--------+
         Total |   9141 |   8916 |    225 |    732 |   7043 |  10 |  914.1 |
       Dungeon |   9069 |   8875 |    194 |    732 |   7043 |   9 | 1007.7 |
        Temple |     72 |     41 |     31 |      0 |      0 |   1 |   72.0 |
               +--------+--------+--------+--------+--------+-----+--------+

Top non-repeatable levels by time:
     D:3: 1728 daAuts
     D:5: 1447 daAuts
     D:7: 1198 daAuts
     D:6: 1000 daAuts
     D:2: 971 daAuts
     D:8: 939 daAuts
     D:4: 892 daAuts
     D:1: 621 daAuts
     D:9: 269 daAuts
  Temple: 72 daAuts
